 Dungeon Crawl Stone Soup version 0.21-a0-70-g32e1473 (console) character file.

75 removed the Gusty (level 3, -10/26 HPs)
             Began as a Demigod Air Elementalist on June 18, 2017.
             Killed from afar by a white imp (13 damage)
             ... with a puff of frost
             ... summoned by Natasha
             ... on level 2 of the Dungeon.
             The game lasted 00:04:52 (2483 turns).

removed the Gusty (Demigod Air Elementalist)        Turns: 2483, Time: 00:04:52

Health: -10/26     AC:  3    Str: 11    XL:     3   Next: 88%
Magic:  0/8        EV: 12    Int: 21    God:
Gold:   91         SH:  0    Dex: 16    Spells: 2/5 levels left

rFire    . . .     SeeInvis .   p - -1 whip (curse)
rCold    . . .     Gourm    .   (no shield)
rNeg     . . .     Faith    .   a - +0 robe
rPois    .         Spirit   .   j - +0 helmet
rElec    .         Reflect  .   (no cloak)
rCorr    .         Harm     .   (no gloves)
MR       .....                  (no boots)
Stlth    ++........             (no amulet)
HPRegen  0.08/turn              (no ring)
MPRegen  0.11/turn              (no ring)

@: about to teleport, slowed, very slow
A: high mp 1
a: no special abilities


You were on level 2 of the Dungeon.
You were not hungry.

You visited 1 branch of the dungeon, and saw 2 of its levels.

You collected 91 gold pieces.

Inventory:

Hand Weapons
 e - a +0 whip
 p - a cursed -1 whip (weapon)
Armour
 a - a +0 robe (worn)
 j - a +0 helmet (worn)
Scrolls
 f - a scroll of teleportation
 h - 2 scrolls of identify
 i - a scroll of noise {unknown}
 m - 2 scrolls of random uselessness {unknown}
 o - a scroll of recharging {unknown}
Potions
 d - 2 potions of haste
 k - a potion of cancellation {unknown}
 n - a potion of mutation {unknown}
 r - a potion of might {unknown}
 s - a potion of heal wounds {unknown}
Books
 b - a book of Air

   Spells                             Type                      Level
   a - Shock                          Conjuration/Air              1
   b - Swiftness                      Charms/Air                   2
   c - Static Discharge               Conjuration/Air              3
   d - Airstrike                      Air                          4
   e - Lightning Bolt                 Conjuration/Air              5
Comestibles
 c - 2 bread rations
 t - a meat ration


   Skills:
 - Level 1.7 Dodging
 - Level 1.7 Stealth
 - Level 1.7 Spellcasting
 + Level 3.1 Conjurations
 + Level 3.2 Air Magic


You had 2 spell levels left.
You knew the following spells:

 Your Spells              Type           Power        Failure   Level  Hunger
a - Shock                 Conj/Air       ###.         4%          1    #......
s - Swiftness             Chrm/Air       #.......     12%         2    ###....


Dungeon Overview and Level Annotations

Branches:
Dungeon (2/15)

Annotations:
D:2 Natasha


Innate Abilities, Weirdness & Mutations

You have an increased reservoir of magic. (+10% MP)


Message History

d - 2 potions of haste Natasha claws you.
The white imp closely misses you. Natasha misses you.
As you read the scroll labeled BEULEN UXZOCH, it crumbles to dust.
You feel strangely unstable.
It was a scroll of teleportation.
The white imp closely misses you.
Natasha stares at you and mumbles some strange words.
You feel as though you will be slow longer.
The white imp hits you. The white imp freezes you.
* * * LOW HITPOINT WARNING * * *
Natasha claws you.
* * * LOW HITPOINT WARNING * * *
Natasha howls an incantation.
You feel troubled. Natasha closely misses you.
All of the chunks of flesh in your inventory have rotted away.
Unknown command.
The white imp gestures at you. The puff of frost hits you!
Ouch! That really hurt!
You die...

*********,,,,,,,,**
,,,,,*,,,.>.......#
,,,,,,,,,.........#
,,,,,,,,,.........#*********#####
,,,,,,,,,.........,,,,,,,,,,.....
,,†,,,,,,.........***********####
,,,,,,,,,........#*
,,,,,,,,,........## #####
,,,,,,,,,.......@.# ##.##.
,,,,,,,,,.........# ####..##.
,,,,,*,,,.......h5### ##......#.
********,...........# #..####...
*,.........#.####.## ###..
**........##...##.# ##...#
*#......#####.#..# #..###
***#####.#***##...## #.##
*,,,,,...,,,*#...## #.#


You could see Natasha and a white imp.

Vanquished Creatures
  Natasha (D:2)
  2 worms
  A dart slug (D:2)
  2 leopard geckos (D:2)
  2 giant cockroaches
  4 hobgoblins
  2 jackals (D:1)
  9 kobolds
  A quokka (D:2)
  A ball python (D:1)
  4 bats
  4 frilled lizards
  2 goblins (D:2)
  7 rats
42 creatures vanquished.

Notes
Turn   | Place    | Note
-------+----------+-------------------------------------------
     0 | D:1      | removed the Demigod Air Elementalist began the quest for the Orb.
     0 | D:1      | Reached XP level 1. HP: 14/14 MP: 5/5
    15 | D:1      | Reached skill level 1 in Conjurations
   553 | D:1      | Reached XP level 2. HP: 20/20 MP: 5/7
   748 | D:1      | Learned a level 2 spell: Swiftness
  1248 | D:2      | Noticed Natasha
  1547 | D:2      | Found a shattered altar of Ashenzari.
  1606 | D:2      | Reached XP level 3. HP: 26/26 MP: 0/8
  2242 | D:2      | Killed Natasha
  2471 | D:2      | Noticed Natasha
  2483 | D:2      | Killed from afar by a white imp

Vault maps used:
D:1:      tarquinn_simple_flora_water_f, amethyst_killhole
D:2:      minmay_misc_feat_nine_boxes, evilmike_ruin_ashenzari, uniq_natasha

Skill      XL: |  1  2  3 |
---------------+----------+-----
Conjurations   | 2 3 |  3.1
Air Magic      | 3 |  3.2
Dodging        | |  1.7
Stealth        | |  1.7
Spellcasting   | |  1.7

Action                   || total
-------------------------++-------
Melee: Whip              ||     7
 Cast: Shock             ||   111
  Use: Scroll            ||     2
  Eat: Chunk             ||     6
Armor: Robe              ||     2
Dodge: Dodged            ||    17
